 Dungeon Crawl Stone Soup version 0.17-a0-2028-g5c22979 (webtiles) character file.

289 Jackolantern the Covert (level 6, -5/39 HPs)
             Began as an Octopode Assassin on Oct 10, 2015.
             Was an Initiate of Dithmenos.
             Slain by a gnoll
             ... wielding a cursed -2 flail
              (7 damage)
             ... on level 4 of the Dungeon.
             The game lasted 00:05:59 (1207 turns).

Jackolantern the Covert (Octopode Assassin)         Turns: 1207, Time: 00:05:59

Health: -5/39      AC:  1    Str: 13    XL:     6   Next: 31%
Magic:  6/6        EV: 12    Int: 14    God:    Dithmenos [......]
Gold:   33         SH:  0    Dex: 15    Spells: 0 memorised, 5 levels left

rFire  . . .     SeeInvis .     i - +7 dagger "Togoin" {freeze, rN+ Str+3}
rCold  . . .     Clarity  .     (no shield)
rNeg   + . .     SustAt   .     (helmet restricted)
rPois  .         Gourm    .     (no amulet)
rElec  .         Spirit   .     (no ring)
rCorr  .         Warding  .     (no ring)
rMut   .         Stasis   .     (no ring)
MR     .....                    (no ring)
Stlth  ++++++....               (no ring)
                                (no ring)
                                (no ring)
                                (no ring)

@: not resistant to hostile enchantments, very stealthy
A: almost no armour, amphibious, 8 rings, constrict 8, camouflage 1, gelatinous
body 1
a: Renounce Religion


You were on level 4 of the Dungeon.
You worshipped Dithmenos.
Dithmenos was noncommittal.
You were not hungry.

You visited 1 branch of the dungeon, and saw 4 of its levels.

You collected 33 gold pieces.

Inventory:

Hand Weapons
 b - a +0 blowgun
 i - the +7 dagger "Togoin" (weapon) {freeze, rN+ Str+3}
   (You found it on level 4 of the Dungeon)

   It has been specially enchanted to freeze those struck by it, causing extra
   injury to most foes and up to half again as much damage against particularly
   susceptible opponents.
   It can also slow down cold-blooded creatures.
   It affects your strength (+3).
   It protects you from negative energy.
Missiles
 c - 8 poisoned needles
 d - 2 curare-tipped needles
 k - 3 needles of frenzy
Scrolls
 a - a scroll of identify {unknown}
 f - a scroll of enchant weapon {unknown}
Potions
 h - a potion of ambrosia {unknown}
 j - a potion of poison {unknown}
 l - a potion of flight {unknown}
Comestibles
 e - a bread ration
 g - 4 fruits


   Skills:
 - Level 2.0 Fighting
 + Level 2.3 Short Blades
 - Level 2.0 Throwing
 - Level 1.0 Dodging
 * Level 10.1 Stealth


You had 5 spell levels left.
You didn't know any spells.

Dungeon Overview and Level Annotations

Branches:
Dungeon (4/15)             Temple (0/1) D:4

Altars:
Dithmenos
Yredelemnul


Innate Abilities, Weirdness & Mutations

You cannot wear most types of armour.
You are amphibious.
You can wear up to eight rings at the same time.
You can use your tentacles to constrict eight enemies at once.
Your skin changes colour to match your surroundings (Stealth).
Your rubbery body absorbs attacks (AC +1).


Message History

The gnoll throws a throwing net.
The throwing net hits you.
You become entangled in the net!
You see here a throwing net.
You struggle against the net.
The gnoll hits you with a flail.
You try to slip out of the net.
The gnoll hits you from afar with a spear!
The gnoll hits you. The gnoll hits you with a flail!
A gnoll comes into view. It is wielding a halberd.
You try to slip out of the net.
The gnoll hits you from afar with a spear.
The gnoll completely misses you. The gnoll hits you with a flail!
* * * LOW HITPOINT WARNING * * *
You slip out of the net!
The gnoll closely misses you. The gnoll hits you.
* * * LOW HITPOINT WARNING * * *
The gnoll misses you.
There is an open door here.
The gnoll throws a throwing net.
The throwing net barely misses you.
The gnoll shouts!
The gnoll hits you with a flail!
You die...

####....##).#..####.
#....#####..........
##########.######............
.................)...........
≈≈≈≈≈≈≈≈≈....≈≈≈≈≈≈≈≈≈≈≈≈≈≈≈≈
≈≈≈≈≈≈≈≈≈(...≈≈≈≈≈≈≈≈≈≈≈≈≈≈≈≈
≈≈≈≈≈≈≈≈≈....≈≈≈≈≈≈≈≈≈≈≈≈####
.........................#g.g
#########''g@#############.g.
#...g...#.g..# #.......#g...#
#......g'...(+ #'############


You could see 4 gnolls.

Vanquished Creatures
  Sigmund (D:3)
  An iguana (D:4)
  A centaur skeleton (D:4)
  A worker ant (D:4)
  An adder (D:2)
  2 gnolls (D:4)
  An adder skeleton (D:4)
  4 orcs (D:4)
  2 goblins
  2 bats
  2 giant newts
  4 jackals (D:4)
  A quokka (D:4)
  2 rats
25 creatures vanquished.

Notes
Turn   | Place    | Note
--------------------------------------------------------------
     0 | D:1      | Jackolantern the Octopode Assassin began the quest for the Orb.
     0 | D:1      | Reached XP level 1. HP: 14/14 MP: 1/1
    71 | D:2      | Reached skill level 6 in Stealth
    71 | D:2      | Reached XP level 2. HP: 14/19 MP: 2/2
   110 | D:3      | Noticed Sigmund
   115 | D:3      | Killed Sigmund
   115 | D:3      | Reached skill level 9 in Stealth
   115 | D:3      | Reached XP level 3. HP: 21/24 MP: 3/3
   115 | D:3      | Reached XP level 4. HP: 25/29 MP: 4/4
   115 | D:3      | Reached XP level 5. HP: 29/34 MP: 5/5
   239 | D:4      | Got a faintly glowing dagger
   241 | D:4      | Identified the +7 dagger "Togoin" {freeze, rN+ Str+3} (You found it on level 4 of the Dungeon)
   297 | D:4      | Reached XP level 6. HP: 28/39 MP: 6/6
   301 | D:4      | Reached skill level 10 in Stealth
   326 | D:4      | Found a basalt altar of Yredelemnul.
   340 | D:4      | Became a worshipper of Yredelemnul the Dark
   516 | D:4      | Noticed a phantom
   563 | D:4      | Found a shadowy altar of Dithmenos.
   563 | D:4      | Noticed a phantom
  1096 | D:4      | Found a staircase to the Ecumenical Temple.
  1168 | D:4      | Fell from the grace of Yredelemnul
  1168 | D:4      | Became a worshipper of Dithmenos the Shadowed
  1201 | D:4      | HP: 1/39 [gnoll (1)]
  1207 | D:4      | Slain by a gnoll

Vault maps used:
D:1:      evilmike_arrival_run_for_it
D:2:      first_bread
D:3:      led_xom_imps, bh_walls_and_bars, uniq_natasha, uniq_grinder,
          uniq_sigmund, uniq_iyjb
D:4:      lemuel_castle_with_subvaults, nicolae_overflow_crystal_walls,
          zin_purify, temple_statues, grunt_dithmenos_shadows

Action                   |  1- 3 |  4- 6 || total
-------------------------+-------+-------++-------
Melee: Dagger            |    12 |    41 ||    53
 Stab: Sleeping          |     2 |     6 ||     8
  Eat: Bread ration      |       |     1 ||     1
